[Event "Titled Tuesday Blitz November 14 Early 2023"]
[White "Pasmendjambvirgulptipon98"]
[Black "Ingebretsen, Jens E"]
[BlackFideId "1522965"]
[WhiteElo "2129"]
[BlackElo "2689"]
[Result "0-1"]
[Round "4"]
[TimeControl "180+1"]
[Date "2023.11.14"]
[WhiteClock "0:01:23"]
[BlackClock "0:01:45"]
[Board "204"]

1. e4 c5 2. Nf3 Nc6 3. d4 cxd4 4. Nxd4 Nf6 5. Nc3 e5 6. Ndb5 d6 7. Bg5 a6 8. Na3 b5 9. Bxf6 gxf6 10. Nd5 f5 11. Bxb5 axb5 12. Nxb5 Ra4 13. O-O Rxe4 14. Nbc7+ Kd7 15. c3 h5 16. f3 Rc4 17. Nb6+ Kxc7 18. Nxc4 d5 19. Ne3 Bc5 20. Qe2 f4 21. b4 Bxe3+ 22. Kh1 h4 23. a4 h3 24. g3 Qg5 25. gxf4 exf4 26. a5 Rg8 27. Rf2 Ba6 28. Qe1 Qg2+ 29. Rxg2 hxg2# 0-1


[Site "https://www.chess.com"]

[Event "Titled Tuesday Blitz November 14 Early 2023"]
[White "Akylbek2021"]
[Black "Wu, Derek"]
[BlackFideId "30914558"]
[WhiteElo "2232"]
[BlackElo "2666"]
[Result "0-1"]
[Round "4"]
[TimeControl "180+1"]
[Date "2023.11.14"]
[WhiteClock "0:00:01"]
[BlackClock "0:00:58"]
[Board "205"]

1. e4 c5 2. Nf3 Nc6 3. d4 cxd4 4. Nxd4 Nf6 5. Nc3 e5 6. Ndb5 d6 7. Bg5 a6 8. Na3 Be6 9. Nc4 Rb8 10. Bxf6 Qxf6 11. Nb6 Qd8 12. Nbd5 g6 13. Be2 Bh6 14. O-O O-O 15. Kh1 b5 16. f4 f5 17. exf5 gxf5 18. Qe1 b4 19. Bxa6 bxc3 20. Nxc3 Bxf4 21. Rd1 Bh6 22. b3 Qe7 23. a4 Nd4 24. Qf2 Kh8 25. Bd3 Rbc8 26. Nb5 Nxb5 27. Bxb5 e4 28. a5 e3 29. Qe2 f4 30. a6 Qg7 31. c4 Bg4 32. Qd3 e2 33. Qxd6 exd1=Q 34. Rxd1 Bxd1 35. Qxd1 Rfd8 36. Qe1 Qd4 37. h3 Qd1 38. Qxd1 Rxd1+ 39. Kh2 Bg5 40. h4 Bxh4 41. Kh3 Bf2 42. a7 Bxa7 0-1


[Site "https://www.chess.com"]

[Event "Titled Tuesday Blitz November 14 Early 2023"]
[White "Yaniuk, Volodymyr"]
[Black "Mihajlovskij, Sergei"]
[WhiteFideId "14133083"]
[BlackFideId "13500805"]
[WhiteElo "2495"]
[BlackElo "2230"]
[Result "1-0"]
[Round "4"]
[TimeControl "180+1"]
[Date "2023.11.14"]
[WhiteClock "0:00:09"]
[BlackClock "0:00:18"]
[Board "206"]

1. d4 Nf6 2. Nf3 g6 3. Bg5 Bg7 4. Nc3 h6 5. Bxf6 Bxf6 6. e4 d6 7. h3 Bg7 8. Bc4 Nd7 9. Qd2 a6 10. O-O O-O 11. Rad1 Rb8 12. Bb3 b5 13. Rfe1 c5 14. dxc5 Nxc5 15. Nd4 Bd7 16. Nd5 e6 17. Nc3 a5 18. a3 b4 19. axb4 Rxb4 20. Nf3 Nxb3 21. cxb3 Bc6 22. Qxd6 Qa8 23. Nd4 Bb7 24. Ndb5 Rxb3 25. Nc7 Qb8 26. Qe7 Rxb2 27. N3b5 Bc6 28. Nd6 Qb6 29. Rf1 Qc5 30. Rc1 Qd4 31. Rxc6 Rxf2 32. Rxf2 Qd1+ 33. Kh2 Be5+ 34. g3 Qd3 35. Rg2 h5 36. Nxe6 fxe6 37. Qxe6+ Kh7 38. Qxe5 a4 39. Rc7+ Kh6 40. Qg7+ Kg5 41. h4+ Kg4 42. Qd7+ Kf3 43. e5 Rf7 44. Qxf7+ Ke3 45. Qf4# 1-0


[Site "https://www.chess.com"]

[Event "Titled Tuesday Blitz November 14 Early 2023"]
[White "ploxoi"]
[Black "Silvestre, Christian"]
[BlackFideId "30956269"]
[WhiteElo "2454"]
[BlackElo "2228"]
[Result "1-0"]
[Round "4"]
[TimeControl "180+1"]
[Date "2023.11.14"]
[WhiteClock "0:01:22"]
[BlackClock "0:00:15"]
[Board "207"]

1. d4 Nf6 2. c4 e6 3. g3 d5 4. Nf3 b6 5. cxd5 Nxd5 6. Bg2 Bb7 7. O-O Nf6 8. Nc3 Be7 9. Qc2 O-O 10. Rd1 Nbd7 11. e4 c6 12. Bf4 Rc8 13. h3 Ne8 14. a3 Bd6 15. Bg5 Be7 16. Be3 Nd6 17. Rac1 Nc4 18. Bf4 g5 19. Bd2 Nxd2 20. Rxd2 h5 21. Nh2 g4 22. hxg4 hxg4 23. Nxg4 Nf6 24. Nxf6+ Bxf6 25. Rcd1 Kg7 26. e5 Bg5 27. f4 Be7 28. Be4 Rh8 29. Rh2 Qc7 30. Rdd2 c5 31. Rxh8 Rxh8 32. d5 exd5 33. Bxd5 c4 34. Qf5 Qc5+ 35. Kg2 Qe3 36. Qxf7+ Kh6 37. Qe6+ Kh5 38. Qf7+ Kh6 39. Re2 1-0


[Site "https://www.chess.com"]

[Event "Titled Tuesday Blitz November 14 Early 2023"]
[White "Buchenau, Frank"]
[Black "Cueto, Jonny"]
[WhiteFideId "4604350"]
[BlackFideId "3300145"]
[WhiteElo "2419"]
[BlackElo "2226"]
[Result "1-0"]
[Round "4"]
[TimeControl "180+1"]
[Date "2023.11.14"]
[WhiteClock "0:00:04"]
[BlackClock "0:00:01"]
[Board "208"]

1. e4 e6 2. f4 d5 3. e5 c5 4. Nf3 Nh6 5. c3 Nc6 6. Na3 Nf5 7. Bd3 a6 8. O-O b5 9. Nc2 c4 10. Bxf5 exf5 11. b3 Bb7 12. d4 cxd3 13. Qxd3 Bc5+ 14. Be3 Qb6 15. b4 Bxe3+ 16. Qxe3 Qxe3+ 17. Nxe3 Ne7 18. Nd4 g6 19. a4 bxa4 20. Rxa4 Rc8 21. Rc1 O-O 22. Nb3 Rc6 23. Nc5 Rb8 24. Nc2 Bc8 25. Nd4 Rc7 26. Kf2 Ra8 27. Ke3 Raa7 28. Rca1 Kf8 29. Kd3 Ke8 30. Nb5 Rxc5 31. bxc5 axb5 32. Rxa7 Nc6 33. Rc7 Bd7 34. Ra8+ Ke7 35. Rh8 h5 36. Rb7 d4 37. cxd4 Nb4+ 38. Kd2 Ke6 39. Rb6+ Kd5 40. Rd6+ Kc4 41. Rxd7 Nc6 42. d5 Na5 43. c6 b4 44. c7 Nb3+ 45. Ke1 Nd4 46. c8=Q+ Kd3 47. Rb7 b3 48. Rxb3+ Nxb3 49. Qa6+ Ke4 50. d6 Nd4 51. d7 Ke3 52. d8=Q Nc2+ 53. Kd1 Nd4 54. Qa7 1-0


[Site "https://www.chess.com"]

[Event "Titled Tuesday Blitz November 14 Early 2023"]
[White "Sharafiev, Azat"]
[Black "VitaliyChayka"]
[WhiteFideId "4186214"]
[WhiteElo "2369"]
[BlackElo "2219"]
[Result "1/2-1/2"]
[Round "4"]
[TimeControl "180+1"]
[Date "2023.11.14"]
[WhiteClock "0:00:56"]
[BlackClock "0:01:11"]
[Board "209"]

1. e4 d6 2. d4 Nf6 3. Nc3 e5 4. dxe5 dxe5 5. Qxd8+ Kxd8 6. Bg5 Be6 7. O-O-O+ Nd7 8. Nge2 Bd6 9. Kb1 a6 10. Nc1 h6 11. Bh4 g5 12. Bg3 Nh5 13. Be2 Nf4 14. Bxf4 exf4 15. Nd5 Ne5 16. Nd3 Nxd3 17. Bxd3 c6 18. Nc3 Ke7 19. f3 b5 20. Ne2 Be5 21. c3 h5 22. h3 Rag8 23. Bc2 g4 24. hxg4 hxg4 25. Rxh8 Rxh8 26. Nd4 Bd7 27. a4 Bxd4 28. cxd4 gxf3 29. gxf3 Rh2 30. axb5 axb5 31. d5 cxd5 32. exd5 Kd6 33. Be4 f5 34. Bc2 Rf2 35. Rd3 b4 36. Rd4 Kc5 37. Rxf4 Bb5 38. b3 Rf1+ 39. Kb2 Rf2 40. Kc1 Rf1+ 41. Kd2 Rf2+ 42. Kd1 Rf1+ 43. Kd2 Rf2+ 44. Kc1 Rf1+ 45. Kb2 Rf2 46. Kb1 Rf1+ 47. Kb2 1/2-1/2


[Site "https://www.chess.com"]

[Event "Titled Tuesday Blitz November 14 Early 2023"]
[White "Vila Dupla, Aurelio"]
[Black "MarijaKuznecova"]
[WhiteFideId "2203383"]
[WhiteElo "2206"]
[BlackElo "2366"]
[Result "0-1"]
[Round "4"]
[TimeControl "180+1"]
[Date "2023.11.14"]
[WhiteClock "0:00:00"]
[BlackClock "0:00:08"]
[Board "210"]

1. Nf3 c5 2. c4 Nc6 3. Nc3 e5 4. e3 Nf6 5. d4 e4 6. d5 exf3 7. dxc6 bxc6 8. Qxf3 Bd6 9. h3 Be5 10. Bd2 O-O 11. Rd1 Rb8 12. b3 d5 13. Na4 Qe7 14. Bd3 Be6 15. O-O Nd7 16. cxd5 cxd5 17. Bc3 Bd6 18. Qh5 f5 19. Rfe1 Ne5 20. Bb1 Bf7 21. Qe2 Qe6 22. Qb2 Rfe8 23. f4 Ng6 24. Bxg7 Nh4 25. Bf6 Ng6 26. Bg5 Bf8 27. Nc3 Bg7 28. Qc2 Qc6 29. Ne2 Rxe3 30. Nd4 Bxd4 0-1


[Site "https://www.chess.com"]

[Event "Titled Tuesday Blitz November 14 Early 2023"]
[White "iJueles"]
[Black "Fernandez Sanchez, Mario Andres"]
[BlackFideId "6501621"]
[WhiteElo "2351"]
[BlackElo "2199"]
[Result "1-0"]
[Round "4"]
[TimeControl "180+1"]
[Date "2023.11.14"]
[WhiteClock "0:00:33"]
[BlackClock "0:00:00"]
[Board "211"]

1. d4 d5 2. c4 c6 3. Nf3 Nf6 4. Qb3 g6 5. g3 Bg7 6. Bg2 O-O 7. O-O Re8 8. Bf4 e6 9. Nbd2 Nbd7 10. Rac1 Qb6 11. c5 Qxb3 12. Nxb3 h6 13. Bd6 Ne4 14. Ne5 Nxd6 15. Nxd7 Nc4 16. Ne5 Nxe5 17. dxe5 Bxe5 18. Rc2 a5 19. a4 Bg7 20. Rd1 e5 21. e4 d4 22. Nd2 Be6 23. Nc4 Bxc4 24. Rxc4 Red8 25. Rd3 Rd7 26. Kf1 f6 27. Ke2 Kf7 28. Bh3 Rc7 29. f4 Rb8 30. Rb3 Ke7 31. Kd3 g5 32. fxe5 fxe5 33. Bf5 Bf6 34. g4 Kd8 35. Rc2 Be7 36. Kc4 b5+ 37. axb5 cxb5+ 38. Rxb5 Rxb5 39. Kxb5 Ra7 40. Kc4 Kc7 41. Kd5 Bf6 42. c6 Ra6 43. Bd7 Rb6 44. Kc4 Rb4+ 45. Kd5 Rb5+ 46. Ke6 Bg7 47. Kf7 Bh8 48. Kg6 Rb4 49. Kxh6 Bf6 50. Kg6 Be7 51. Kf5 Bd6 52. Kxg5 d3 53. Rd2 Rd4 54. Kf5 a4 55. g5 Bb4 56. Rd1 d2 57. Kxe5 Rd3 58. g6 a3 59. bxa3 Bxa3 60. g7 Bb2+ 61. Kf4 Bxg7 62. h4 Bh6+ 63. Kf5 Re3 64. Rxd2 Rf3+ 65. Kg4 Rf4+ 66. Kg3 Rxe4 67. Rf2 Bf8 68. Rxf8 1-0


[Site "https://www.chess.com"]

[Event "Titled Tuesday Blitz November 14 Early 2023"]
[White "campochess"]
[Black "Jakubowska, Anna"]
[BlackFideId "1121952"]
[WhiteElo "2181"]
[BlackElo "2336"]
[Result "0-1"]
[Round "4"]
[TimeControl "180+1"]
[Date "2023.11.14"]
[WhiteClock "0:00:12"]
[BlackClock "0:00:09"]
[Board "212"]

1. d4 d5 2. Bg5 g6 3. Nc3 Bg7 4. g3 Nf6 5. Bg2 c6 6. Nf3 O-O 7. O-O Bf5 8. Ne5 Nbd7 9. Nd3 Bxd3 10. Qxd3 h6 11. Bc1 e5 12. dxe5 Nxe5 13. Qd1 Qe7 14. Re1 Rad8 15. b3 Ne4 16. Bb2 Nc4 17. bxc4 Nxc3 18. Qd3 dxc4 19. Qxc4 Nd5 20. Bxg7 Kxg7 21. a4 Qf6 22. Ra3 Nb6 23. Qa2 Rd2 24. a5 Nc8 25. Rf3 Qe7 26. Qb2+ f6 27. e4 Re8 28. Rd3 Rxd3 29. cxd3 Nd6 30. Rc1 Qe5 31. Qa3 Nb5 32. Qc5 Qxc5 33. Rxc5 Rd8 34. Bf1 a6 35. f4 Kf7 36. g4 Rd4 37. h4 Ra4 38. Kf2 Rxa5 39. e5 fxe5 40. Rxe5 Ra2+ 41. Kg3 Nd6 42. h5 gxh5 43. Rxh5 Kg7 44. Re5 Rb2 45. Re6 Nf7 46. g5 hxg5 47. fxg5 Nxg5 48. Re7+ Kf6 49. Re8 a5 50. d4 a4 51. Bc4 b5 52. Bf1 a3 53. Ra8 a2 54. Bg2 b4 55. Bxc6 Rb3+ 56. Kg4 Ra3 57. Rf8+ Kg7 58. Rf1 a1=Q 59. Rxa1 Rxa1 60. Kxg5 b3 61. Bd5 b2 62. Be4 Re1 63. Bf5 b1=Q 64. Bxb1 Rxb1 65. Kf5 Re1 66. d5 Kf7 67. Kf4 Ke7 68. Kf5 Kd6 69. Kf4 Kxd5 70. Kf3 Re4 71. Kf2 Ke5 72. Kf3 Kf5 73. Kf2 Kf4 74. Kg2 Kg4 75. Kf2 Re5 76. Kg2 Re2+ 77. Kf1 Kf3 78. Kg1 Kg3 79. Kf1 Re5 80. Kg1 Re1# 0-1


[Site "https://www.chess.com"]

[Event "Titled Tuesday Blitz November 14 Early 2023"]
[White "Travadon, Loic"]
[Black "Mestnikov, Aisen"]
[WhiteFideId "26092131"]
[BlackFideId "34130117"]
[WhiteElo "2179"]
[BlackElo "2317"]
[Result "0-1"]
[Round "4"]
[TimeControl "180+1"]
[Date "2023.11.14"]
[WhiteClock "0:00:59"]
[BlackClock "0:01:57"]
[Board "213"]

1. e4 e5 2. Nc3 Nc6 3. g3 g6 4. Bg2 Bg7 5. Nge2 Nge7 6. d3 O-O 7. O-O d6 8. f4 f5 9. Kh1 a6 10. g4 fxg4 11. Ng3 h5 12. f5 h4 13. Qxg4 hxg3 14. hxg3 gxf5 15. exf5 Bxf5 16. Rxf5 Rxf5 17. Bd5+ Nxd5 18. Qxf5 Nxc3 19. Qe6+ Kf8 20. bxc3 Qf6 21. Qg4 Qf1+ 22. Kh2 Qf2+ 23. Kh1 e4 24. dxe4 Ne5 25. Qf4+ Qxf4 26. gxf4 Ng4 27. Kg2 Bxc3 28. Rb1 b5 29. Kf3 Nf6 30. Be3 Re8 31. Rb3 Nxe4 32. a4 bxa4 33. Ra3 a5 34. Rxa4 Bb4 35. Ra1 Nd2+ 36. Bxd2 Bxd2 37. Rh1 Re3+ 38. Kg4 a4 39. Kf5 a3 40. Rh7 a2 41. Rh8+ Kg7 0-1


[Site "https://www.chess.com"]

[Event "Titled Tuesday Blitz November 14 Early 2023"]
[White "thisjuan"]
[Black "komogro"]
[WhiteElo "2173"]
[BlackElo "2314"]
[Result "0-1"]
[Round "4"]
[TimeControl "180+1"]
[Date "2023.11.14"]
[WhiteClock "0:00:12"]
[BlackClock "0:00:52"]
[Board "214"]

1. c4 Nf6 2. g3 g6 3. Bg2 Bg7 4. Nc3 O-O 5. Nf3 c6 6. O-O d5 7. d4 a5 8. cxd5 Nxd5 9. Nxd5 cxd5 10. Ne5 Nc6 11. Nxc6 bxc6 12. Qc2 Ba6 13. Rd1 Qb6 14. e3 e5 15. dxe5 Bxe5 16. Bd2 a4 17. Rac1 Bc4 18. b3 axb3 19. axb3 Bxb3 20. Qxc6 Qxc6 21. Rxc6 Bxd1 22. Bxd5 Ra1 23. Kg2 Rd8 24. e4 Bc2 25. Bg5 Rxd5 26. exd5 Be4+ 27. f3 Ra2+ 28. Kf1 Bxd5 29. Rc5 Ra1+ 30. Ke2 Ra2+ 31. Kf1 Rxh2 32. Rxd5 Bxg3 33. Bf6 Bc7 34. Rc5 Rh3 35. Ke2 Rh2+ 36. Kd3 Rf2 37. Ke3 Bb6 38. Kxf2 Bxc5+ 39. Kg3 h6 40. Kg4 Bf8 41. f4 Bg7 42. Be7 f5+ 43. Kh4 Kf7 44. Bd6 Bf6+ 45. Kh3 Ke6 46. Bb8 Kd5 47. Kg3 Ke4 48. Kh3 Bd4 49. Bd6 Kf3 50. Kh2 Be3 51. Bf8 Bxf4+ 52. Kh3 g5 53. Bxh6 g4+ 54. Kh4 Bxh6 55. Kh5 g3 56. Kxh6 g2 0-1


[Site "https://www.chess.com"]

[Event "Titled Tuesday Blitz November 14 Early 2023"]
[White "Semenova, Alina"]
[Black "Maect19"]
[WhiteFideId "24113875"]
[WhiteElo "2170"]
[BlackElo "2309"]
[Result "0-1"]
[Round "4"]
[TimeControl "180+1"]
[Date "2023.11.14"]
[WhiteClock "0:00:42"]
[BlackClock "0:00:57"]
[Board "215"]

1. e4 e5 2. Nf3 Nc6 3. d4 exd4 4. Nxd4 Bc5 5. Be3 Qf6 6. c3 Nge7 7. Bb5 Bb6 8. O-O O-O 9. Na3 a6 10. Be2 d5 11. Nxc6 bxc6 12. Qd2 dxe4 13. Rad1 Nd5 14. Bd4 Bxd4 15. Qxd4 Qxd4 16. Rxd4 Bf5 17. Nc2 Rab8 18. Ne3 Rxb2 19. Bxa6 Be6 20. Bc4 Nxc3 21. Kh1 Bd5 22. Rc1 Nxa2 23. Bxa2 Rxa2 24. Nxd5 cxd5 25. Rxd5 Rxf2 26. Rxc7 Rf1# 0-1


[Site "https://www.chess.com"]

[Event "Titled Tuesday Blitz November 14 Early 2023"]
[White "Malikova777"]
[Black "Ismayilova, Khanim"]
[BlackFideId "13429019"]
[WhiteElo "2304"]
[BlackElo "2145"]
[Result "0-1"]
[Round "4"]
[TimeControl "180+1"]
[Date "2023.11.14"]
[WhiteClock "0:00:03"]
[BlackClock "0:00:17"]
[Board "216"]

1. d4 d5 2. c4 e6 3. Nc3 Nf6 4. cxd5 exd5 5. Bg5 Be7 6. e3 c6 7. Qc2 O-O 8. Bd3 Nbd7 9. Nf3 Re8 10. O-O Nf8 11. Bxf6 Bxf6 12. b4 Bg4 13. Nd2 h6 14. b5 Rc8 15. bxc6 bxc6 16. Na4 Ne6 17. Nb3 Qd6 18. h3 Bh5 19. Nbc5 Ng5 20. Rab1 Bf3 21. Bf5 Rb8 22. h4 Be4 23. Nxe4 Nxe4 24. Bxe4 Rxe4 25. g3 Bxh4 26. Rxb8+ Qxb8 27. Qxc6 Bxg3 28. Qxd5 Bh2+ 29. Kh1 Rh4 30. f3 Bg1+ 31. Kxg1 Qh2# 0-1


[Site "https://www.chess.com"]

[Event "Titled Tuesday Blitz November 14 Early 2023"]
[White "Feliz Dotel, Dewar Bienvenido"]
[Black "LeoWin2012"]
[WhiteFideId "6402801"]
[WhiteElo "2150"]
[BlackElo "2298"]
[Result "1-0"]
[Round "4"]
[TimeControl "180+1"]
[Date "2023.11.14"]
[WhiteClock "0:00:10"]
[BlackClock "0:00:14"]
[Board "217"]

1. d4 Nf6 2. e3 g6 3. Nf3 Bg7 4. Be2 c6 5. O-O d5 6. b4 O-O 7. Bb2 Bf5 8. c4 Nbd7 9. a4 dxc4 10. Bxc4 Nb6 11. Be2 Nbd5 12. b5 cxb5 13. axb5 Ne4 14. Nfd2 Nxd2 15. Nxd2 Re8 16. e4 Nf4 17. exf5 Bxd4 18. Bxd4 Qxd4 19. Bf3 Rad8 20. Ne4 Qe5 21. Qa4 gxf5 22. Ng3 Ng6 23. Rfe1 Qf6 24. Qxa7 f4 25. Ne4 Qh4 26. Qc5 e5 27. Nd6 Re6 28. Nxb7 Rd2 29. Ra8+ Kg7 30. Nd8 Rxd8 31. Rxd8 Qxd8 32. Be4 Rb6 33. Bxg6 hxg6 34. h3 f6 35. Ra1 Rb7 36. Qc6 Qb6 37. Qxb6 Rxb6 38. Rb1 Kf7 39. Kf1 Ke6 40. Ke2 Kd5 41. Kf3 f5 42. h4 Kc4 43. Rc1+ Kxb5 44. Rc8 Rd6 45. Re8 Rd5 46. Re6 Kc4 47. Rxg6 Kd4 48. Rf6 Rd7 49. Rxf5 Rh7 50. h5 Rh6 51. Kg4 Rh8 52. Kg5 Ke4 53. Rf6 Kd5 54. h6 e4 55. Rxf4 Ke5 56. Rf5+ Ke6 57. Rf6+ Ke7 58. Rf4 e3 59. Re4+ Kf7 60. Rxe3 Rg8+ 61. Kh5 Rxg2 62. Rb3 Rh2+ 63. Kg4 Rg2+ 64. Kf3 Rh2 65. Rb7+ Kg6 66. h7 Rh3+ 67. Ke4 Rh4+ 68. f4 Rxh7 69. Rxh7 Kxh7 70. Ke5 Kg7 71. Ke6 Kf8 72. Kf6 Ke8 73. Kg7 Ke7 74. f5 Kd6 75. f6 Ke6 76. f7 Kd7 77. f8=Q Ke6 78. Qf6+ Kd5 79. Kf7 Ke4 80. Ke6 Kd3 81. Qe5 Kd2 82. Qe4 Kc1 83. Qg2 Kb1 84. Kd5 Ka1 85. Kc4 Kb1 86. Kb3 Ka1 87. Qb2# 1-0


[Site "https://www.chess.com"]

[Event "Titled Tuesday Blitz November 14 Early 2023"]
[White "Larina, Maria"]
[Black "Petersson, Kjell"]
[WhiteFideId "24113182"]
[BlackFideId "1705148"]
[WhiteElo "2294"]
[BlackElo "2126"]
[Result "1-0"]
[Round "4"]
[TimeControl "180+1"]
[Date "2023.11.14"]
[WhiteClock "0:00:09"]
[BlackClock "0:00:14"]
[Board "218"]

1. e4 c5 2. Nc3 g6 3. g3 Bg7 4. Bg2 Nc6 5. d3 d6 6. Be3 Bd7 7. Qd2 h5 8. h3 Rb8 9. Nf3 b5 10. O-O e6 11. Ng5 Nd4 12. f4 Ne7 13. Nd1 d5 14. c3 Ndc6 15. Bxc5 O-O 16. exd5 exd5 17. d4 f6 18. Nf3 Qc8 19. Kh2 Re8 20. Re1 a6 21. Ne3 Be6 22. b4 Bh6 23. a4 Nf5 24. Nxf5 Bxf5 25. Nh4 Qd7 26. axb5 axb5 27. Nxf5 Qxf5 28. Ra6 Qd7 29. Raa1 h4 30. g4 Rxe1 31. Rxe1 Re8 32. Rxe8+ Qxe8 33. g5 fxg5 34. fxg5 Bg7 35. Bxd5+ Kh7 36. Qf2 Qb8+ 37. Kh1 Qc8 38. Qxh4+ Bh6 39. Qxh6# 1-0


[Site "https://www.chess.com"]

[Event "Titled Tuesday Blitz November 14 Early 2023"]
[White "Dahlgren, James Allen"]
[Black "SicilianPanzer"]
[WhiteFideId "22256873"]
[WhiteElo "2126"]
[BlackElo "2291"]
[Result "0-1"]
[Round "4"]
[TimeControl "180+1"]
[Date "2023.11.14"]
[WhiteClock "0:02:05"]
[BlackClock "0:01:21"]
[Board "219"]

1. e4 c5 2. c4 Nc6 3. Nc3 d6 4. f4 g6 5. Nf3 Bg7 6. Be2 e5 7. d3 Nge7 8. O-O O-O 9. h3 f5 10. Nd5 fxe4 11. dxe4 Nd4 12. Nxd4 cxd4 13. Bg4 Nxd5 14. cxd5 Qb6 15. Kh1 Qb5 16. Bxc8 Raxc8 17. Qd2 Qxf1+ 0-1


[Site "https://www.chess.com"]

[Event "Titled Tuesday Blitz November 14 Early 2023"]
[White "Fernandez Hernandez, Gerardo"]
[Black "Buscar, Michael"]
[WhiteFideId "2207400"]
[BlackFideId "2603616"]
[WhiteElo "2117"]
[BlackElo "2280"]
[Result "0-1"]
[Round "4"]
[TimeControl "180+1"]
[Date "2023.11.14"]
[WhiteClock "0:00:00"]
[BlackClock "0:00:19"]
[Board "220"]

1. e4 c5 2. d3 d5 3. g3 dxe4 4. dxe4 Qxd1+ 5. Kxd1 b6 6. Be3 Ba6 7. Bxa6 Nxa6 8. c3 O-O-O+ 9. Kc2 Nf6 10. f3 h5 11. h4 g6 12. Nd2 Ne8 13. Nh3 f6 14. Nf4 Rg8 15. Nc4 Nac7 16. Rad1 Rxd1 17. Rxd1 Bh6 18. Nd5 Nxd5 19. Rxd5 Bxe3 20. Nxe3 Nc7 21. Rd2 Rd8 22. Rxd8+ Kxd8 23. Kd3 g5 24. Nf5 Ne6 25. Ke3 Ke8 26. f4 gxh4 27. gxh4 Kf7 28. Ng3 Ng7 29. f5 Ke8 30. Kd3 Kd7 31. Kc4 Kc6 32. a4 a6 33. b3 Kd6 34. b4 Kc6 35. bxc5 bxc5 36. Kd3 Kb6 37. Kc4 Kc6 38. a5 Kd6 39. Kd3 Ke5 40. Ke3 e6 41. fxe6 Kxe6 42. Kf4 Kd6 43. c4 Ke6 44. Nf5 Ne8 45. Ne3 Nd6 0-1


[Site "https://www.chess.com"]

[Event "Titled Tuesday Blitz November 14 Early 2023"]
[White "Rasmussen, Casper"]
[Black "vovasev"]
[WhiteFideId "1402005"]
[WhiteElo "2269"]
[BlackElo "2093"]
[Result "1-0"]
[Round "4"]
[TimeControl "180+1"]
[Date "2023.11.14"]
[WhiteClock "0:02:37"]
[BlackClock "0:01:53"]
[Board "221"]

1. c4 Nf6 2. g3 g6 3. Bg2 Nc6 4. Nc3 Bg7 5. d3 d6 6. Nf3 O-O 7. Bg5 e5 8. Qd2 Re8 9. Bh6 Bh8 10. h4 e4 11. dxe4 Nxe4 12. Nxe4 Rxe4 13. h5 Bg4 14. Bg5 Qd7 15. hxg6 hxg6 16. Rxh8+ Kxh8 17. Bf6+ Kg8 18. Qh6 Rxe2+ 19. Kf1 1-0


[Site "https://www.chess.com"]

[Event "Titled Tuesday Blitz November 14 Early 2023"]
[White "Smirnov, Timofey"]
[Black "Novikova, Anna"]
[WhiteFideId "24176427"]
[BlackFideId "4146794"]
[WhiteElo "2084"]
[BlackElo "2267"]
[Result "1-0"]
[Round "4"]
[TimeControl "180+1"]
[Date "2023.11.14"]
[WhiteClock "0:00:09"]
[BlackClock "0:00:51"]
[Board "222"]

1. d4 Nf6 2. Bf4 g6 3. Nc3 Bg7 4. e4 d6 5. e5 dxe5 6. dxe5 Qxd1+ 7. Rxd1 Nh5 8. Nd5 O-O 9. Bc1 Nc6 10. Be2 Bxe5 11. Bxh5 gxh5 12. Nf3 Bd6 13. O-O Bg4 14. Rd3 Ne5 15. Nxe5 Bxe5 16. Nxe7+ Kg7 17. h3 Be6 18. f4 Bf6 19. Nd5 Bxd5 20. Rxd5 h4 21. Rfd1 Rad8 22. Rxd8 Rxd8 23. Rxd8 Bxd8 24. Kf2 f5 25. Ke3 Kf6 26. c4 Ke6 27. b3 c5 28. Bb2 a5 29. Bc3 Bc7 30. Kf3 Kd6 31. Be5+ Kc6 32. Bf6 b5 33. cxb5+ Kxb5 34. Bxh4 c4 35. bxc4+ Kxc4 36. Be7 a4 37. g4 fxg4+ 38. hxg4 Kc3 39. f5 Kb2 40. a3 Kb3 41. f6 Be5 42. f7 Bg7 43. f8=Q Bxf8 44. Bxf8 Ka2 45. Kf4 Kb3 46. Kg5 Ka2 47. Kh6 Kb3 48. Kxh7 Ka2 49. g5 Kb3 50. g6 1-0


[Site "https://www.chess.com"]

[Event "Titled Tuesday Blitz November 14 Early 2023"]
[White "Winkels, Marcel"]
[Black "disciplinedbrat"]
[WhiteFideId "1003887"]
[WhiteElo "2053"]
[BlackElo "2258"]
[Result "1-0"]
[Round "4"]
[TimeControl "180+1"]
[Date "2023.11.14"]
[WhiteClock "0:00:38"]
[BlackClock "0:00:05"]
[Board "223"]

1. e4 c6 2. Nf3 d5 3. exd5 cxd5 4. d4 Nc6 5. c3 Bg4 6. Bf4 e6 7. Bd3 Bd6 8. Bxd6 Qxd6 9. Nbd2 Nf6 10. h3 Bh5 11. Qe2 O-O 12. g4 Bg6 13. g5 Bxd3 14. Qxd3 Nd7 15. O-O-O e5 16. Nxe5 Ndxe5 17. dxe5 Nxe5 18. Qg3 Rfe8 19. Kb1 Qg6+ 20. Ka1 Qc2 21. Nb3 Nc4 22. Rb1 Rac8 23. Qf3 Ne5 24. Qxd5 Rcd8 25. Qxb7 a5 26. Nd4 Qxf2 27. h4 Rb8 28. Qc7 a4 29. a3 Rf8 30. Qxe5 Rbe8 31. Qb5 Re4 32. h5 Rfe8 33. h6 R4e5 34. Qxa4 Rxg5 35. Qxe8# 1-0


[Site "https://www.chess.com"]

[Event "Titled Tuesday Blitz November 14 Early 2023"]
[White "AnnaChessLook"]
[Black "Vargas, Mauricio"]
[BlackFideId "4404572"]
[WhiteElo "2253"]
[BlackElo "1861"]
[Result "1-0"]
[Round "4"]
[TimeControl "180+1"]
[Date "2023.11.14"]
[WhiteClock "0:00:13"]
[BlackClock "0:00:00"]
[Board "225"]

1. d4 d5 2. c4 e6 3. Nc3 c6 4. Nf3 dxc4 5. e4 b5 6. a4 Bb4 7. Bd2 a5 8. axb5 Bxc3 9. Bxc3 cxb5 10. b3 Bb7 11. bxc4 b4 12. Bb2 Bxe4 13. Be2 Nf6 14. O-O O-O 15. Re1 Nbd7 16. Qd2 Nb6 17. Qg5 Bg6 18. Rxa5 Ne4 19. Qb5 Rxa5 20. Qxa5 b3 21. Qb4 Bh5 22. Qxb3 Bxf3 23. Qxf3 Nd2 24. Qc3 Ne4 25. Qc2 Nf6 26. Rd1 Qc7 27. h3 Nbd5 28. Qd2 Ne7 29. Qg5 Nf5 30. d5 Kh8 31. Bxf6 gxf6 32. Qxf6+ Ng7 33. Bd3 exd5 34. Qh6 f5 35. cxd5 1-0


[Site "https://www.chess.com"]

[Event "Titled Tuesday Blitz November 14 Early 2023"]
[White "IsaqueGoncalvesSanto"]
[Black "Sarkar, Justin"]
[BlackFideId "2010011"]
[WhiteElo "1880"]
[BlackElo "2241"]
[Result "0-1"]
[Round "4"]
[TimeControl "180+1"]
[Date "2023.11.14"]
[WhiteClock "0:00:00"]
[BlackClock "0:02:11"]
[Board "226"]

1. d4 Nf6 2. c4 e6 3. Nc3 Bb4 4. Bd2 d5 5. e3 c5 6. cxd5 Nxd5 7. a3 Nxc3 8. bxc3 Ba5 9. Qa4+ Bd7 10. Bb5 O-O 11. Bxd7 Nxd7 12. Nf3 a6 13. O-O b5 14. Qc2 Nb6 15. Rad1 Nc4 0-1


[Site "https://www.chess.com"]

[Event "Titled Tuesday Blitz November 14 Early 2023"]
[White "Xu, Xiangyu"]
[Black "Nakamura, Hikaru"]
[WhiteFideId "8608288"]
[BlackFideId "2016192"]
[WhiteElo "2979"]
[BlackElo "3331"]
[Result "0-1"]
[Round "5"]
[TimeControl "180+1"]
[Date "2023.11.14"]
[WhiteClock "0:00:00"]
[BlackClock "0:00:05"]
[Board "1"]

1. d4 a6 2. e4 e6 3. Nf3 d5 4. Nc3 Bb4 5. exd5 exd5 6. Bd3 Bg4 7. O-O Ne7 8. Bf4 Nbc6 9. h3 Bh5 10. g4 Bg6 11. Ne5 Bxc3 12. bxc3 Bxd3 13. Qxd3 Na5 14. Bg3 f6 15. Nf3 O-O 16. Nh4 Nc4 17. Rae1 Qd7 18. Re2 Rf7 19. Rfe1 Raf8 20. Bh2 f5 21. g5 f4 22. Re6 Nd6 23. g6 hxg6 24. Nxg6 Nxg6 25. Rxg6 Ne4 26. c4 c6 27. cxd5 cxd5 28. c4 Re8 29. Rg4 f3 30. cxd5 Nf6 31. Rxe8+ Qxe8 32. Rg5 Qe1+ 33. Qf1 Qd2 34. h4 Ne4 35. Rg4 Nc3 36. d6 Ne2+ 37. Kh1 Qd3 38. Qh3 Qf5 39. h5 Kh7 40. h6 g6 41. Qh4 Qb1+ 42. Bg1 Qf5 43. Qg5 Qxg5 44. Rxg5 Kxh6 45. Rd5 Rd7 46. Bh2 g5 47. Rc5 Kg6 48. Rc7 Rd8 49. Rxb7 g4 50. Rb6 Kf5 51. Rxa6 Ke6 52. Ra5 Rb8 53. Rg5 Rb1+ 0-1


[Site "https://www.chess.com"]